 Dungeon Crawl Stone Soup version 0.29-a0-67-g1d65ae1bb4 (webtiles) character file.

Game seed: 9317039420065311668

375 Bosse the Chopper (level 6, -23/47 HPs)
             Began as a Demonspawn Abyssal Knight on Feb 3, 2022.
             Was a Believer of Lugonu.
             Killed by an exploding orc wizard (26 damage)
             ... ignited by their inner flame
             ... on level 4 of the Dungeon.
             The game lasted 00:13:59 (3370 turns).

Bosse the Chopper (Demonspawn Abyssal Knight)       Turns: 3370, Time: 00:13:59

Health: -23/47     AC: 13    Str: 16    XL:     6   Next: 44%
Magic:  7/7        EV:  7    Int: 11    God:    Lugonu [**....]
Gold:   92         SH:  0    Dex: 13    Spells: 5/5 levels left

rFire   . . .      SeeInvis .   a - +1 hand axe
rCold   . . .      Faith    .   (no shield)
rNeg    . . .      Spirit   .   f - +0 chain mail
rPois   .          Reflect  .   (no helmet)
rElec   .          Harm     .   (no cloak)
rCorr   .          Rampage  .   d - +1 pair of gloves
Will    .....                   (no boots)
Stlth   ..........              (no amulet)
HPRegen 0.15/turn               (no ring)
MPRegen 0.10/turn               (no ring)

@: no status effects
A: hooves 1, sharp scales 2
a: Renounce Religion, Depart the Abyss, Bend Space


You were on level 4 of the Dungeon.
You worshipped Lugonu.
Lugonu was pleased with you.
You visited 1 branch of the dungeon, and saw 4 of its levels.
You visited the Abyss 1 time.

You collected 92 gold pieces.

Inventory:

Hand Weapons
 a - a +1 hand axe (weapon)
Armour
 b - a +0 leather armour
 d - a +1 pair of gloves (worn)
 f - a +0 chain mail (worn)
 g - a +0 ring mail
Wands
 k - a wand of polymorph (6)
Scrolls
 c - 2 scrolls of identify
Potions
 h - a potion of haste {unknown}
 i - 2 potions of curing {unknown}
 j - a potion of degeneration {unknown}
 l - a potion of ambrosia {unknown}


   Skills:
 - Level 3.0 Fighting
 * Level 4.6 Axes
 + Level 3.4 Armour
 + Level 2.9 Dodging
 - Level 2.4 Invocations


You had 5 spell levels left.
You didn't know any spells.
Your spell library contained the following spells:

 Spells                   Type           Power      Damage    Failure   Level
 Tukima's Dance           Hex            0%         N/A       100%        3
 Anguish                  Hex/Necr       0%         N/A       100%        4
 Enfeeble                 Hex            0%         N/A       100%        7


Dungeon Overview and Level Annotations

Branches:
Dungeon (4/15)
 Temple: D:4-7

Altars:
Hepliaklqana

Shops:
D:1 :


Innate Abilities, Weirdness & Mutations

You have large cloven feet.
You are mostly covered in razor-sharp scales. (AC +2, Slay +2)


Message History

You hit the orc priest. You kick the orc priest.
You kill the orc priest!
Lugonu accepts your kill.
You barely miss the orc. The orc barely misses you.
You hit the orc but do no damage.
The orc is moderately wounded.
The orc closely misses you.
You hit the orc wizard. Your kick misses the orc wizard.
The orc wizard is moderately wounded.
You barely miss the orc.
The orc wizard hits you but does no damage.
The orc barely misses you.
You closely miss the orc wizard.
The orc wizard is moderately wounded.
You hit the orc but do no damage. The orc wizard closely misses you.
The orc wizard points at you and mumbles some strange words.
The magic dart hits you but does no damage.
The orc hits you with a +0 mace.
You barely miss the orc wizard.
The orc wizard is moderately wounded.
You hit the orc.
The orc wizard points at you and mumbles some strange words.
The magic dart hits you!
* * * LOW HITPOINT WARNING * * *
The orc hits you but does no damage.
As you read the scroll of immolation, it crumbles to dust.
The creatures around you are filled with an inner flame!
The orc wizard hits you with a +2 dagger of speed.
* * * LOW HITPOINT WARNING * * *
The orc barely misses you.
You hit the orc wizard.
Flame seeps out of the orc wizard.
Your kick misses the orc wizard.
The orc wizard is moderately wounded.
You hit the orc but do no damage.
The orc wizard is engulfed in blazing flames.
Lugonu accepts your kill.
The orc wizard explodes!
The fiery explosion engulfs you!!
Ouch! That really hurt!
You die... .o............ .o............ .o............ oo...........

............ ##...
.§§........
#....###○§........
......o@§§........
..#....)..........
##......$.......
##..............
.................
.........(.).....
.............#....
######............
##..††.....#


You could see an orc (inner flame).

Vanquished Creatures
  A sky beast (D:3)
  A water moccasin zombie (D:3)
  A centaur zombie (D:4)
  An orc priest (D:4)
  2 orc wizards (D:4)
  6 adders
  3 worms
  2 dart slugs
  11 orcs
  4 ball pythons
  5 bats
  5 endoplasms
  A giant cockroach (D:1)
  8 goblins
  5 kobolds
  4 quokkas
  7 rats
  A spectral goblin (D:3)
68 creatures vanquished.

Notes
Turn   | Place    | Note
-------+----------+-------------------------------------------
     0 | Abyss:1  | Bosse the Demonspawn Abyssal Knight began the quest for the
                  | Orb.
     0 | Abyss:1  | Reached XP level 1. HP: 18/18 MP: 2/2
     2 | D:1      | Escaped the Abyss
    39 | D:1      | Found Rithroon's Book Shoppe.
    55 | D:1      | Reached skill level 1 in Dodging
    89 | D:1      | Reached * piety under Lugonu
    90 | D:1      | Reached skill level 2 in Axes
   211 | D:1      | Gained mutation: You are partially covered in razor-sharp
                  | scales. (AC +1, Slay +1) [demonic ancestry]
   211 | D:1      | Reached XP level 2. HP: 16/24 MP: 3/3
  1108 | D:1      | Found a faded altar of an unknown god.
  1190 | D:2      | Gained mutation: You are mostly covered in razor-sharp
                  | scales. (AC +2, Slay +2) [demonic ancestry]
  1190 | D:2      | Reached XP level 3. HP: 28/29 MP: 4/4
  1776 | D:2      | Reached ** piety under Lugonu
  1897 | D:2      | Reached skill level 3 in Axes
  1984 | D:3      | Reached XP level 4. HP: 35/35 MP: 5/5
  2059 | D:3      | Noticed a sky beast
  2093 | D:3      | Found a hazy altar of Hepliaklqana.
  2393 | D:3      | Gained mutation: You have large cloven feet. [demonic
                  | ancestry]
  2393 | D:3      | Reached XP level 5. HP: 41/41 MP: 6/6
  2773 | D:3      | Killed a sky beast
  2774 | D:3      | Reached skill level 4 in Axes
  3021 | D:4      | Reached XP level 6. HP: 39/47 MP: 7/7
  3370 | D:4      | Killed by an exploding orc wizard... ignited by their inner
                  | flame

Illustrated notes

Levels and vault maps discovered:
D:1:      minmay_arrival_four_loops, layout_loops_cross,
          hellmonk_ecumenical_altar_run_dry, serial_shops, shop,
          minmay_pentomino_r2
D:2:      layout_loops_ring, serial_glass, glass_columns_b, glass_columns_b
D:3:      layout_rooms, nicolae_hepliaklqana_monster_ancestors
D:4:      layout_layer_cave

Skill      XL: |  1  2  3  4  5 |
---------------+----------------+-----
Dodging        | 1 2 |  2.9
Axes           | 2 3 4 |  4.6
Armour         | 2 3 |  3.4
Fighting       | |  3.0
Invocations    | |  2.4

Action                   |  1- 3 |  4- 6 || total
-------------------------+-------+-------++-------
Melee: Hand axe          |   118 |   113 ||   231
       Punch             |     1 |     1 ||     2
       Kick              |       |    24 ||    24
Invok: Depart the Abyss  |     1 |       ||     1
  Use: Scroll            |     1 |     1 ||     2
Armor: Leather armour    |    16 |       ||    16
       Chain mail        |    39 |    96 ||   135
Dodge: Dodged            |    56 |    52 ||   108

Table legend: (Time is in decaauts)
 A = Elapsed time spent in this place.
 B = Non-inter-level travel time spent in this place.
 C = Inter-level travel time spent in this place.
 D = Time resting spent in this place.
 E = Time spent auto-exploring this place.
 F = Levels seen in this place.
 G = Mean time per level.
                   A        B        C        D        E       F      G
               +--------+--------+--------+--------+--------+-----+--------+
         Total |   3401 |   3337 |     64 |    701 |   1771 |   5 |  680.2 |
       Dungeon |   3399 |   3335 |     64 |    701 |   1771 |   4 |  849.8 |
         Abyss |      2 |      2 |      0 |      0 |      0 |   1 |    2.0 |
               +--------+--------+--------+--------+--------+-----+--------+

Top non-repeatable levels by time:
     D:1: 1181 daAuts
     D:3: 1107 daAuts
     D:2: 781 daAuts
     D:4: 329 daAuts
 Abyss:1: 2 daAuts
